 Dungeon Crawl Stone Soup version 0.28.0-43-g3370ac3207 (webtiles) character file.

Game seed: 3015683869470480462

36 Jerry the Chucker (level 3, 35/35 HPs)
             Began as a Troll Hunter on Mar 9, 2022.
             Was a Follower of Cheibriados.
             Quit the game on level 1 of the Dungeon.
             The game lasted 00:02:30 (709 turns).

Jerry the Chucker (Troll Hunter)                     Turns: 709, Time: 00:02:31

Health: 35/35      AC:  4    Str: 24    XL:     3   Next: 19%
Magic:  2/2        EV: 10    Int:  9    God:    Cheibriados [*.....]
Gold:   48         SH:  0    Dex: 12    Spells: 2/2 levels left

rFire   . . .      SeeInvis .   i - +0 whip
rCold   . . .      Faith    .   (no shield)
rNeg    . . .      Spirit   .   b - +0 robe
rPois   .          Reflect  .   (helmet restricted)
rElec   .          Harm     .   (no cloak)
rCorr   .          Rampage  .   (gloves unavailable)
Will    .....                   (boots unavailable)
Stlth   +.........              (no amulet)
HPRegen 0.91/turn               (no ring)
MPRegen 0.08/turn               (no ring)

@: very slow
A: large, unfitting armour, claws 3, regeneration 1, shaggy fur 1, tough skin 1
a: Renounce Religion, Bend Time


You were on level 1 of the Dungeon.
You worshipped Cheibriados.
Cheibriados was aware of your devotion.
You visited 1 branch of the dungeon, and saw 1 of its levels.

You collected 48 gold pieces.

Inventory:

Hand Weapons
 i - a +0 whip (weapon)
Missiles
 c - 5 large rocks (quivered)
 d - 2 throwing nets
Armour
 b - a +0 robe (worn)
Scrolls
 a - a scroll of noise {unknown}
 h - 2 scrolls of identify {unknown}
Potions
 e - a potion of attraction {unknown}
 g - a potion of flight {unknown}


   Skills:
 + Level 2.0 Fighting
 * Level 1.0 Maces & Flails
 + Level 3.9 Throwing
 + Level 2.0 Dodging
 - Level 0.3 Stealth


You had 2 spell levels left.
You didn't know any spells.
Your spell library contained the following spells:

 Spells                   Type           Power      Damage    Failure   Level
 Call Canine Familiar     Summ           0%         N/A       77%         3
 Portal Projectile        Hex/Tloc       0%         N/A       77%         3
 Leda's Liquefaction      Hex/Erth       0%         N/A       99%         4


Dungeon Overview and Level Annotations

Branches:
Dungeon (1/15)

Altars:
Cheibriados


Innate Abilities, Weirdness & Mutations

You are too large for most types of armour.
You have claws for hands.
Your natural rate of healing is unusually fast.
You are covered in fur. (AC +1)
You have tough skin. (AC +1)


Message History

You kill the dart slug!
Your Maces & Flails skill increases to level 1!
No target in view!
No target in view!
No target in view!
No target in view!
Things that are here:
a +0 whip; a stone
i - a +0 whip
i - a +0 whip (weapon)
You drop a +0 short sword.
You drop a +0 club.
Unknown command.
Things that are here:
a +0 club; a +0 short sword; a stone
a - a scroll labelled QOGGOS QUSHROE Done exploring.
Done exploring.
Done exploring.
Done exploring.
No target in view!
No target in view!
No target in view!
Search for what [? for help]? .
Things that are here:
a +0 club; a kobold corpse
There is a faded altar of an unknown god here.
No target in view!
You cannot tell which god this altar belongs to.
Convert to them anyway?
Cheibriados accepts your prayer! Cheibriados welcomes you!
Cheibriados begins to support your attributes as your movement slows.
Cheibriados is now slowing the effects of poison on you.
You can now bend time to slow others.
Cheibriados raises the support of your attributes as your movement slows.
Unknown command.
Press < or > to pray at altars.
Unknown command.
Press < or > to pray at altars.
Are you sure you want to abandon this character and quit the game? (Confirm with "yes".)

#......#.#
#####.####...#
#.........P..#
#.....[......#
#..###..P..P.#
#..#..≈.⌠..P.#
#..#..P.⌠..P.#
#..###.P⌠..P.#
#####@.P.P≈...#
#...###PP..P..#
#...PP≈####...#
#....≈≈...P##)#
#####
#...P..P..P...#
....#
#[......#####.#
....######
##......# #..#
.........#
#..)..#####.##
.........#
#...........#


There were no monsters in sight!

Vanquished Creatures
  A dart slug (D:1)
  3 ball pythons (D:1)
  4 endoplasms (D:1)
  A giant cockroach (D:1)
  2 goblins (D:1)
  A hobgoblin (D:1)
  2 jackals (D:1)
  3 quokkas (D:1)
  3 bats (D:1)
  2 frilled lizards (D:1)
  7 kobolds (D:1)
29 creatures vanquished.

Notes
Turn   | Place    | Note
-------+----------+-------------------------------------------
     0 | D:1      | Jerry the Troll Hunter began the quest for the Orb.
     0 | D:1      | Reached XP level 1. HP: 19/19 MP: 0/0
   136 | D:1      | Reached XP level 2. HP: 21/28 MP: 1/1
   513 | D:1      | Reached XP level 3. HP: 35/35 MP: 2/2
   548 | D:1      | Found a faded altar of an unknown god.
   602 | D:1      | Reached skill level 1 in Maces & Flails
   708 | D:1      | Prayed at the altar of an unknown god.
   708 | D:1      | Became a worshipper of Cheibriados the Contemplative
   708 | D:1      | Reached * piety under Cheibriados
   709 | D:1      | Quit the game

Illustrated notes

Levels and vault maps discovered:
D:1:      dpeg_arrival_ternary, layout_basic,
          shapermc_ecumenical_altar_mp_ritualfount, minmay_pentomino_q2

Skill      XL: |  1  2  3 |
---------------+----------+-----
Dodging        | 2 |  2.0
Fighting       | 2 |  2.0
Maces & Flails | 1 |  1.0
Throwing       | |  3.9
Stealth        | |  0.3

Action                   || total
-------------------------++-------
Melee: Short sword       ||    30
       Club              ||    94
       Punch             ||     3
Armor: Robe              ||    68
Dodge: Dodged            ||    64
